 Dungeon Crawl Stone Soup version 0.27.1-34-g3ba077fa99 (webtiles) character file.

Game seed: 4475738528039700708

28 copperbird the Ruffian (level 2, -1/23 HPs)
             Began as a Draconian Transmuter on Jan 9, 2022.
             Slain by a goblin (2 damage)
             ... led by Robin
             ... on level 2 of the Dungeon.
             The game lasted 00:15:56 (1149 turns).

copperbird the Ruffian (Draconian Transmuter)       Turns: 1149, Time: 00:15:57

Health: -1/23      AC:  5    Str: 12    XL:     2   Next: 96%
Magic:  5/5        EV: 12    Int: 13    God:
Gold:   44         SH:  0    Dex: 11    Spells: 4/5 levels left

rFire    . . .     SeeInvis .   a - +0 short sword (holy)
rCold    . . .     Faith    .   (no shield)
rNeg     . . .     Spirit   .   (armour unavailable)
rPois    .         Reflect  .   (helmet restricted)
rElec    .         Harm     .   f - +0 cloak
rCorr    .         Rampage  .   (no gloves)
Will     .....                  (no boots)
Stlth    +.........             (no amulet)
HPRegen  0.07/turn              (no ring)
MPRegen  0.09/turn              (no ring)

@: no status effects
A: AC +4, unfitting armour, cold-blooded
a: no special abilities


You were on level 2 of the Dungeon.
You visited 1 branch of the dungeon, and saw 2 of its levels.

You collected 44 gold pieces.

Inventory:

Hand Weapons
 a - a +0 short sword of holy wrath (weapon)
 c - a +1 dagger
 h - a +0 dagger
 i - a +0 short sword
 k - a +0 spear
Missiles
 b - 48 arrows
 d - a throwing net
Armour
 e - a +0 ring mail
 f - a +0 cloak (worn)
Scrolls
 g - a scroll of enchant armour
Potions
 j - 2 potions of heal wounds {unknown}


   Skills:
 + Level 1.1 Fighting
 + Level 0.3 Short Blades
 + Level 2.0 Dodging
 + Level 0.2 Stealth
 + Level 3.5 Unarmed Combat
 + Level 2.1 Spellcasting
 + Level 2.3 Transmutations


You had 4 spell levels left.
You knew the following spells:

 Your Spells              Type           Power      Damage    Failure   Level
a - Beastly Appendage     Tmut           14%        N/A       10%         1

Your spell library contained the following spells:

 Spells                   Type           Power      Damage    Failure   Level
 Wereblood                Tmut           7%         N/A       14%         2
 Spider Form              Tmut/Pois      2%         N/A       43%         3
 Tukima's Dance           Hex            1%         N/A       58%         3
 Ice Form                 Ice/Tmut       4%         N/A       83%         4
 Passage of Golubria      Tloc           N/A        N/A       94%         4
 Yara's Violent Unravell  Hex/Tmut       2%         3d3       99%         5


Dungeon Overview and Level Annotations

Branches:
Dungeon (2/15)

Altars:

Annotations:
D:2 Robin


Innate Abilities, Weirdness & Mutations

Your plain brown scales are hard. (AC +4)
You cannot fit into any form of body armour.
You are cold-blooded and may be slowed by cold attacks.


Message History

You hit the goblin.
You kill the goblin!
Things that are here:
a +0 club; a +0 club; a goblin corpse
Okay, then.
A goblin comes into view. It is wielding a +0 club.
The goblin shouts!
Robin of the Strong Arm comes into view.
They are wielding a +0 club. 3 goblins come into view.
Robin shouts!
The goblin shouts!
You hear a shout! x3; The goblin shouts!
A goblin comes into view. It is wielding a +0 club.
The goblin shouts!
A goblin comes into view. It is wielding a +0 club.
A hobgoblin comes into view.
Robin roars a battlecry!
The goblins go into a battle-frenzy!
You hear a shout!
A goblin comes into view. It is wielding a +0 dagger.
The goblin shouts!
The goblin barely misses you. Robin throws the goblin at you!
The goblin misses you. Robin throws the goblin at you!
The goblin hits you with a +0 club. x2
Robin roars a battlecry!
The goblin hits you but does no damage. The goblin barely misses you.
You hear a shout!
The goblin closely misses you.
Things that are here:
a +0 club; a +0 club; a goblin corpse Robin throws the goblin at you!
The goblin hits you but does no damage.
You are too injured to fight recklessly!
You barely miss the goblin.
Robin says, "Feeling lonely?"
The goblin hits you but does no damage. The goblin hits you with a +0 club.
* * * LOW HITPOINT WARNING * * *
The goblin hits you with a +0 dagger.
* * * LOW HITPOINT WARNING * * *
You closely miss the goblin.
The goblin no longer looks unusually strong.
The goblin completely misses you. The goblin hits you with a +0 dagger.
You die...

.. #. #. #. #######
##.#########.....#
#................##.
#.g##g..............
##..@ggg.............
#....g#g.g...g........
#.....#.......##.#####
................# .#
.##.....#.......# #
#.....##.######
###.####.....# ##.
#####.# #.. #.#


You could see Robin, a hobgoblin (strong) and 6 goblins.

Vanquished Creatures
  A ball python (D:1)
  2 endoplasms (D:2)
  3 goblins (D:2)
  4 hobgoblins
  2 quokkas (D:1)
  7 bats
  A frilled lizard (D:2)
  3 kobolds
  A rat (D:1)
  A bush (D:1)
25 creatures vanquished.

Notes
Turn   | Place    | Note
-------+----------+-------------------------------------------
     0 | D:1      | copperbird the Draconian Transmuter began the quest for the
                  | Orb.
     0 | D:1      | Reached XP level 1. HP: 16/16 MP: 3/3
   560 | D:1      | Reached XP level 2. HP: 16/23 MP: 5/5
  1135 | D:2      | Noticed Robin
  1148 | D:2      | HP: 1/23 [goblin[Robin] (3)]
  1149 | D:2      | Slain by a goblin

Illustrated notes

Levels and vault maps discovered:
D:1:      sevenhm_arrival_forest_fort_large_4, layout_basic,
          dreamdust_ecumenical_altar_hidden_monk_grotto
D:2:      layout_loops_ring, uniq_robin

Skill      XL: |  1  2 |
---------------+-------+-----
Dodging        | 2 |  2.0
Fighting       | |  1.1
Short Blades   | |  0.3
Stealth        | |  0.2
Unarmed Combat | |  3.5
Spellcasting   | |  2.1
Transmutations | |  2.3

Action                   || total
-------------------------++-------
Melee: Unarmed           ||   216
       Tailslap          ||    61
       Dagger            ||    45
       Punch             ||     4
       Kick              ||     3
       Headbutt          ||     1
       Short sword       ||    24
 Cast: Beastly Appendage ||     4
  Use: Scroll            ||     3
Armor: Skin              ||    43
Dodge: Dodged            ||    57
